 Dungeon Crawl Stone Soup version 0.30-a0-570-g486de37d69 (webtiles) character file.

Game seed: 12805157357418548736

364 M4edhros the Charlatan (level 6, -8/41 HPs)
             Began as an Octopode Artificer on Dec 29, 2022.
             Mangled by a small abomination (20 damage)
             ... on level 1 of the Abyss.
             The game lasted 00:03:01 (949 turns).

M4edhros the Charlatan (Octopode Artificer)          Turns: 949, Time: 00:03:01

Health: -8/41      AC:  1    Str: 11    XL:     6   Next: 67%
Magic:  6/6        EV: 14    Int: 14    God:
Gold:   79         SH:  0    Dex: 14    Spells: 5/5 levels left

rFire   . . .      SeeInvis .      - Unarmed
rCold   . . .      Faith    .    (no shield)
rNeg    . . .      Spirit   .    (helmet restricted)
rPois   .          Reflect  .    (no amulet)
rElec   .          Harm     .    (no ring)
rCorr   .          Rampage  .    (no ring)
Will    .....                    (no ring)
Stlth   ++++                     (no ring)
HPRegen 0.26/turn                (no ring)
MPRegen 0.10/turn                (no ring)
                                 (no ring)
                                 (no ring)

@: no status effects
A: almost no armour, amphibious, 8 rings, camouflage 1, gelatinous body 1,
(nimble swimmer 1), tentacles
a: no special abilities


You were on level 1 of the Abyss.
You visited 1 branch of the dungeon, and saw 3 of its levels.
You visited the Abyss 1 time.

You collected 79 gold pieces.

Inventory:

Wands
 b - a wand of flame (7) (quivered)
 c - a wand of charming (10)
 d - a wand of iceblast (2)
Scrolls
 a - 3 scrolls of identify {unknown}
 e - a scroll of brand weapon {unknown}
 g - a scroll of silence {unknown}
 i - a scroll of acquirement {unknown}
 k - a scroll of enchant weapon {unknown}
 l - a scroll of fear {unknown}
 m - a scroll of blinking
Potions
 f - a potion of heal wounds {unknown}
 h - a potion of curing {unknown}
 j - a potion of lignification {unknown}


   Skills:
 + Level 2.6 Fighting
 + Level 3.6 Dodging
 + Level 3.9 Stealth
 * Level 3.5 Unarmed Combat
 + Level 4.3 Evocations


You had 5 spell levels left.
You didn't know any spells.
Your spell library was empty.

Dungeon Overview and Level Annotations

Branches:
Dungeon (3/15)

Altars:
Qazlal

Portals:
Abyss: D:3

Annotations:
D:3 1 transporter


Innate Abilities, Weirdness & Mutations

You cannot wear most types of armour.
You are amphibious.
You can wear up to eight rings at the same time.
Your skin changes colour to match your surroundings (Stealth+).
Your rubbery body absorbs attacks. (AC +1, EV +1)
((You are camouflaged when in or above water. (Stealth+)))
You have tentacles for arms and can constrict up to eight enemies at once.


Message History

A tentacled starspawn is nearby!
A tentacle flies out from the starspawn's body!
A starspawn tentacle comes into view.
You start waiting.
A small abomination comes into view.
Aiming: Iceblast
Press: ? - help, Shift-Dir - straight line, f - small abomination
Aim: a small abomination (wandering, hasn't noticed you)
The mass of ice explodes!
The iceblast engulfs the small abomination!
The small abomination is heavily damaged.
Aiming: Throw Flame
Press: ? - help, Shift-Dir - straight line, f/p - small abomination
Aim: a small abomination (heavily damaged, 74% to hit)
The puff of flame hits the small abomination but does no damage.
The small abomination is heavily damaged.
The small abomination barely misses you.
Aiming: Iceblast
Press: ? - help, Shift-Dir - straight line, f/p - small abomination
Aim: a small abomination (heavily damaged)
Okay, then.
Aiming: Throw Flame
Press: ? - help, Shift-Dir - straight line, f/p - small abomination
Aim: a small abomination (heavily damaged, 74% to hit)
The puff of flame hits the small abomination!
The small abomination is severely damaged.
The small abomination hits you!
Aiming: Throw Flame
Press: ? - help, Shift-Dir - straight line, f/p - small abomination
Aim: a small abomination (severely damaged, 74% to hit)
The puff of flame hits the small abomination.
The small abomination is almost destroyed.
The small abomination misses you. The small abomination hits you!
* * * LOW HITPOINT WARNING * * *
Aiming: Throw Flame
Press: ? - help, Shift-Dir - straight line, f/p - small abomination
Aim: a small abomination (almost destroyed, 74% to hit)
The puff of flame misses the small abomination.
The small abomination hits you!!
You die...

# # # # .
## #
#..... #.
.. #.# .
## ~
...#.#..#
# . # .#
. .
#.##x# .
#..@.# ~
. ######
. .. . #
##.


You could see a small abomination.

Vanquished Creatures
  A small abomination (D:3)
  A quasit (D:3)
  5 gnolls
  3 orcs (D:3)
  A bat (D:1)
  3 endoplasms
  2 giant cockroaches (D:3)
  12 goblins
  4 hobgoblins
  2 jackals (D:3)
  2 kobolds (D:3)
  A quokka (D:3)
  2 frilled lizards (D:1)
  4 rats
43 creatures vanquished.

Vanquished Creatures (collateral kills)
  The ghost of martbhell the Chopper, an amateur MiBe of Trog (D:3)
1 creature vanquished.

Vanquished Creatures (others)
  2 small abominations (D:3)
  A kobold (D:3)
  10 plants
  2 starspawn tentacles (Abyss:1)
15 creatures vanquished.

Grand Total: 59 creatures vanquished

Notes
Turn   | Place    | Note
-------+----------+-------------------------------------------
     0 | D:1      | M4edhros the Octopode Artificer began the quest for the
                  | Orb.
     0 | D:1      | Reached XP level 1. HP: 13/13 MP: 1/1
   143 | D:1      | Reached skill level 1 in Unarmed Combat
   143 | D:1      | Reached XP level 2. HP: 18/18 MP: 2/2
   434 | D:2      | Reached XP level 3. HP: 19/23 MP: 3/3
   531 | D:3      | Found a stormy altar of Qazlal.
   534 | D:3      | Reached XP level 4. HP: 28/28 MP: 4/4
   713 | D:3      | Noticed a small abomination
   714 | D:3      | Noticed a small abomination
   734 | D:3      | Found a one-way gate to the infinite horrors of the Abyss.
   734 | D:3      | Noticed martbhell's ghost (amateur MiBe)
   761 | D:3      | Found a transporter.
   761 | D:3      | Found a transporter.
   766 | D:3      | Noticed a small abomination
   776 | D:3      | Killed martbhell's ghost
   777 | D:3      | Reached skill level 4 in Evocations
   777 | D:3      | Reached XP level 5. HP: 12/34 MP: 5/5
   787 | D:3      | Killed a small abomination
   788 | D:3      | Reached XP level 6. HP: 18/41 MP: 6/6
   825 | D:3      | Voluntarily entered the Abyss.
   827 | Abyss:1  | Found a corrupted altar of Lugonu.
   850 | Abyss:1  | Noticed a thrashing horror
   868 | Abyss:1  | Noticed a ynoxinul
   880 | Abyss:1  | Noticed a tentacled starspawn
   944 | Abyss:1  | Noticed a small abomination
   949 | Abyss:1  | Mangled by a small abomination

Illustrated notes

Levels and vault maps discovered:
D:1:      roderic_crop_circles_arrival_small, layout_rooms,
          nicolae_grassy_gnolls
D:2:      cheibrodos_greedy_goblins, layout_basic
D:3:      layout_rooms, nicolae_qazlal_scattered_showers,
          gammafunk_ghost_abyssal_escape, serial_forest,
          infiniplex_forest_straight_4, infiniplex_forest_clump_double,
          infiniplex_forest_clump_C, infiniplex_forest_end_3,
          infiniplex_forest_lined_3, infiniplex_forest_clump_small,
          hangedman_decor_opposing, minmay_unequal, uniq_ijyb, uniq_natasha
Abyss:1:  base:
D:2

Skill      XL: |  1  2  3  4  5 |
---------------+----------------+-----
Unarmed Combat | 1 2 3 |  3.5
Stealth        | 2 3 |  3.9
Dodging        | 3 |  3.6
Fighting       | 2 |  2.6
Evocations     | 4 |  4.3

Action                   |  1- 3 |  4- 6 || total
-------------------------+-------+-------++-------
Melee: Unarmed           |    57 |    26 ||    83
       Constrict         |    14 |    11 ||    25
       Tentacles         |     6 |     9 ||    15
       Punch             |       |     2 ||     2
Evoke: Wand              |     3 |    13 ||    16
 Stab: Sleeping          |     4 |       ||     4
Armor: Skin              |     6 |       ||     6
Dodge: Dodged            |    27 |    32 ||    59

Table legend: (Time is in decaauts)
 A = Elapsed time spent in this place.
 B = Non-inter-level travel time spent in this place.
 C = Inter-level travel time spent in this place.
 D = Time resting spent in this place.
 E = Time spent auto-exploring this place.
 F = Levels seen in this place.
 G = Mean time per level.
                   A        B        C        D        E       F      G
               +--------+--------+--------+--------+--------+-----+--------+
         Total |    946 |    921 |     25 |     84 |    479 |   4 |  236.5 |
       Dungeon |    823 |    798 |     25 |     32 |    457 |   3 |  274.3 |
         Abyss |    123 |    123 |      0 |     52 |     22 |   1 |  123.0 |
               +--------+--------+--------+--------+--------+-----+--------+

Top non-repeatable levels by time:
     D:3: 332 daAuts
     D:1: 289 daAuts
     D:2: 201 daAuts
 Abyss:1: 123 daAuts
